 Dungeon Crawl Stone Soup version 0.31-a0-1074-g0b22e4e0f1 (webtiles) character file.

Game seed: 8832207588856520905

8681 grandjackal the Fighter (level 11, 0/90 HPs)
             Began as a Djinni Gladiator on Nov 28, 2023.
             Was an Elder of Ashenzari.
             Slain by a cyclops (23 damage)
             ... on level 9 of the Dungeon.
             The game lasted 00:30:18 (11608 turns).

grandjackal the Fighter (Djinni Gladiator)         Turns: 11608, Time: 00:30:18

Health: 0/90       AC:  7    Str: 13    XL:     11   Next: 60%
Gold:   462        EV: 16    Int: 20    God:    Ashenzari [****..] SH:  8 Dex: 19

rFire   + + .        p - +2 dagger "Eternal Together" {elec, Self, Elem} (curse)
rCold   . . .        G - +2 buckler of the Shackled Fetters {rCorr Dex+4, Comp, Fort} (curse)
rNeg    . . .        y - +1 robe of the Tethered Seer {rC+, Self, Elem} (curse)
rPois   ∞            C - +2 helmet "Circumscribed Malaise" {Alch, Fort} (curse)
rElec   .            (no cloak)
rCorr   +            q - +0 pair of gloves of the Circumscribed Sage {Bglg, Alch} (curse)
SInv    +            (boots unavailable)
Will    +....        (no amulet)
Stlth   ++           H - ring "Ruined With Me" {Int+6, Fort, Bglg} (curse)
HPRegen 0.35/turn    (no ring)
MPRegen 0.00/turn

%: clarity, infuse magic (-1 HP)
@: flying
A: sickness immunity, fire resistance 2, cold vulnerability 1, float, innate
caster, HP casting, extra vitality 1
a: Renounce Religion, Curse Item, Shatter the Chains


You were on level 9 of the Dungeon.
You worshipped Ashenzari.
Ashenzari was greatly pleased with you.
You visited 1 branch of the dungeon, and saw 10 of its levels.
You also visited: Sewer and Bailey.

You collected 642 gold pieces.
You spent 180 gold pieces at shops.

Inventory:

Hand Weapons
 a - a +0 long sword
 f - a +2 dagger of speed
 p - the cursed +2 dagger "Eternal Together" (weapon) {elec, Self, Elem}
   (You found it on level 2 of the Dungeon)

   It has a curse which improves the following skills: Introspection: Fighting
   and Spellcasting.
   Elements:  Fire Magic, Ice Magic, Air Magic and Earth Magic.
 x - a +1 short sword of venom
Missiles
 d - 3 throwing nets (quivered)
 e - a javelin
 w - a curare-tipped dart
Armour
 b - a +0 leather armour
 q - the cursed +0 pair of gloves of the Circumscribed Sage (worn) {Bglg, Alch}
   (You found it on level 2 of the Dungeon)

   It has a curse which improves the following skills: Beguiling: Conjurations,
   Hexes and Translocations.
   Alchemy:   Poison Magic and Transmutations.
 y - the cursed +1 robe of the Tethered Seer (worn) {rC+, Self, Elem}
   (You took it off Pikel on level 4 of the Dungeon)

   It has a curse which improves the following skills: Introspection: Fighting
   and Spellcasting.
   Elements:  Fire Magic, Ice Magic, Air Magic and Earth Magic.
 C - the cursed +2 helmet "Circumscribed Malaise" (worn) {Alch, Fort}
   (You bought it in a shop on level 4 of the Dungeon)

   It has a curse which improves the following skills: Alchemy: Poison Magic and
   Transmutations.
   Fortitude: Armour and Shields.
 G - the cursed +2 buckler of the Shackled Fetters (worn) {rCorr Dex+4, Comp, Fort}
   (You found it on level 6 of the Dungeon)

   Dex+4:     It affects your dexterity (+4).
   rCorr:     It protects you from acid and corrosion.
   It has a curse which improves the following skills: Companions: Summonings
   and Necromancy.
   Fortitude: Armour and Shields.
 J - an orb of light
 K - +0 acid dragon scales
Jewellery
 H - the cursed ring "Ruined With Me" (left hand) {Int+6, Fort, Bglg}
   (You found it on level 6 of the Dungeon)

   [ring of intelligence]

   Int+6:     It affects your intelligence (+6).
   It has a curse which improves the following skills: Fortitude: Armour and
   Shields.
   Beguiling: Conjurations, Hexes and Translocations.
Wands
 D - a wand of mindburst (4)
 I - a wand of roots (3)
 M - a wand of flame (6)
 O - a wand of digging (5)
 P - a wand of paralysis (6)
Scrolls
 c - a scroll of poison
 g - 2 scrolls of amnesia
 h - 2 scrolls of enchant armour
 i - 5 scrolls of identify
 k - a scroll of noise
 l - 4 scrolls of fog
 o - 2 scrolls of vulnerability
 r - a scroll of brand weapon
 s - a scroll of blinking
 t - 2 scrolls of revelation
 B - 4 scrolls of teleportation
 E - a scroll of fear
 Q - a scroll of enchant weapon
Potions
 j - 4 potions of curing
 m - a potion of haste
 n - 2 potions of invisibility
 u - 3 potions of brilliance
 v - a potion of mutation
 z - a potion of magic
 F - a potion of resistance
 L - a potion of ambrosia
 N - a potion of might


   Skills:
 + Level 9.7(12.4) Fighting
 + Level 9.1 Long Blades
 - Level 2.0 Throwing
 - Level 7.3 Dodging
 - Level 3.1(6.1) Shields
 + Level 6.4(9.1) Spellcasting
 + Level 6.4(9.1) Conjurations
 + Level 6.4(9.1) Hexes
   Level 0.0 Charms
 + Level 6.4(8.2) Summonings
 + Level 6.4(8.2) Necromancy
 + Level 6.4(9.1) Translocations
 + Level 6.4(9.1) Transmutations
 + Level 6.4(9.1) Fire Magic
 + Level 6.4(9.1) Ice Magic
 + Level 6.4(9.1) Air Magic
 + Level 6.4(9.1) Earth Magic
 + Level 6.4(9.1) Poison Magic


You knew the following spells:

 Your Spells              Type           Power      Damage    Failure   Level
a - Apportation           Tloc           90%        N/A       1%          1
b - Ensorcelled Hibernat  Hex/Ice        90%        N/A       1%          2
c - Gell's Gravitas       Tloc           45%        N/A       1%          3
d - Iskenderun's Mystic   Conj/Tloc      45%        2d10      2%          4
e - Borgnjor's Vile Clut  Necr/Erth      22%        N/A       8%          5
Your spell library was empty.

Dungeon Overview and Level Annotations

Branches:
Dungeon (10/15)            Temple (0/1) D:5             Orc (0/2) D:9
  Sewer (visited)          Bailey (visited)
   Lair: D:8-11

Altars:
Ashenzari
Elyvilon
Fedhas
Makhleb
Qazlal
Ru
Uskayaw
Wu Jian

Shops:
D:2 (   D:4 ?*?[*   D:8 (

Annotations:
D:4 3 runed translucent doors, Cadnt's ghost, amateur OpFi
D:7 1 runed translucent door, gdog's ghost, novice GnDe


Innate Abilities, Weirdness & Mutations

You are immune to sickness and miasma.
You are immune to poison.
Your flesh is very heat resistant. (rF++)
You are vulnerable to cold. (rC-)
You float through the air rather than walking.
You learn spells naturally, not from books.
Your magical power is your life essence.
You have superior vitality. (+4 MHP)


Message History

You hear a splash. x2
Unknown command.
Unknown command.
You hit the two-headed ogre.
The two-headed ogre is heavily wounded.
The zombie hands constrict the two-headed ogre.
The two-headed ogre hits you with a +0 dire flail.
The two-headed ogre hits you with a +0 giant club!
Unknown command.
You hit the two-headed ogre but do no damage.
The two-headed ogre is heavily wounded.
The zombie hands constrict the two-headed ogre.
You hit the two-headed ogre.
The two-headed ogre is severely wounded.
The zombie hands constrict the two-headed ogre.
The two-headed ogre closely misses you. You block the two-headed ogre's attack.
You barely miss the two-headed ogre.
The two-headed ogre is severely wounded.
The zombie hands constrict the two-headed ogre.
You barely miss the two-headed ogre.
The two-headed ogre is severely wounded.
The zombie hands constrict the two-headed ogre.
The two-headed ogre hits you with a +0 dire flail!
The two-headed ogre closely misses you.
You hit the two-headed ogre.
Lightning courses through the two-headed ogre!
You kill the two-headed ogre!
You hear a splash. x2
You block the cyclops's attack.
Things that are here:
a +0 dire flail; a +0 giant club; a two-headed ogre corpse You hit the cyclops but do no damage.
The cyclops is severely wounded.
The orc priest mumbles some strange prayers to Beogh against you.
Pain shoots through your body!
* * * LOW HITPOINT WARNING * * *
You hit the cyclops but do no damage.
The cyclops is severely wounded.
The cyclops hits you!!
You die...

##.....# ##..###..≈#**,
#.....## #....###..,***
#.....# #.....#***,,,,,
#.....# #.....# ******
######...## #.....#
##...##....#########.####
#..>......<#....####.#..#
#.............Co.)......#
#............~@≈~)~~....#
#.........)..~#####~....#
#....<..[...[~#)..#~....# ***
##...#..#+##.~[)∩.#~...####*,*
########.#..~#...#~.####...,##
#.....~#####~....#..Y.#†
#.....~~~≈~~~....#,,,#..
#..(...........(.#,,{#..
##.....#....#.....#..{+..


You could see a cyclops and an orc priest.

Vanquished Creatures
  A two-headed ogre (D:9)
  Pikel (D:4)
  An orc knight (Bailey)
  A deep elf zephyrmancer (Bailey)
  An ice statue (D:9)
  2 trolls (D:9)
  A shadow (D:10)
  8 yaks
  3 steam dragons
  Menkaure (D:7)
  An acid dragon (D:10)
  3 water moccasins
  An ice beast (D:5)
  6 orc warriors
  3 sky beasts
  A black bear (D:5)
  An ogre (D:6)
  2 centaurs
  A lemure (D:4)
  4 kobold brigands
  5 bullfrogs
  4 scorpions
  6 wights
  5 killer bees (D:8)
  A howler monkey (D:9)
  2 electric eels
  A jelly (D:8)
  2 hounds
  2 gnoll boudas
  5 orc priests
  3 iron imps (D:10)
  3 sleepcaps
  7 orc wizards
  16 gnolls
  12 adders
  2 river rats (Sewer)
  A shadow imp (D:6)
  2 ufetubi (D:5)
  7 worms
  3 dart slugs
  19 orcs
  12 ball pythons
  9 endoplasms
  3 giant cockroaches
  15 goblins
  8 hobgoblins
  2 quokkas
  6 bats
  6 frilled lizards
  16 kobolds
  7 rats
235 creatures vanquished.

Notes
Turn   | Place    | Note
-------+----------+-------------------------------------------
     0 | D:1      | grandjackal the Djinni Gladiator began the quest for the
                  | Orb.
     0 | D:1      | Reached XP level 1. HP: 18/18 MP: 0/0
   122 | D:1      | Reached XP level 2. HP: 23/23 MP: 0/0
   590 | D:1      | Reached XP level 3. HP: 29/29 MP: 0/0
   590 | D:1      | Learned a level 1 spell: Apportation
   833 | D:2      | Reached XP level 4. HP: 29/34 MP: 0/0
   843 | D:2      | Found Rumoite's Weapon Shoppe.
   847 | D:2      | Found a blossoming altar of Fedhas.
  1520 | D:3      | Found a broken altar of Ashenzari.
  1561 | D:3      | Became a worshipper of Ashenzari the Shackled
  1843 | D:3      | Found a hide-covered altar of Uskayaw.
  2181 | D:4      | Found Fiudurir's Assorted Antiques.
  2187 | D:4      | Noticed a sky beast
  2290 | D:4      | Noticed a scorpion
  2296 | D:4      | Killed a scorpion
  2297 | D:4      | Reached skill level 1 in Spellcasting
  2297 | D:4      | Reached skill level 1 in Conjurations
  2297 | D:4      | Reached skill level 1 in Hexes
  2297 | D:4      | Reached skill level 1 in Summonings
  2297 | D:4      | Reached skill level 1 in Necromancy
  2297 | D:4      | Reached skill level 1 in Translocations
  2297 | D:4      | Reached skill level 1 in Transmutations
  2297 | D:4      | Reached skill level 1 in Fire Magic
  2297 | D:4      | Reached skill level 1 in Ice Magic
  2297 | D:4      | Reached skill level 1 in Air Magic
  2297 | D:4      | Reached skill level 1 in Earth Magic
  2297 | D:4      | Reached skill level 1 in Poison Magic
  2297 | D:4      | Reached XP level 5. HP: 28/40 MP: 0/0
  2297 | D:4      | Learned a level 2 spell: Ensorcelled Hibernation
  2379 | D:4      | Found a glowing drain.
  2383 | Sewer    | Entered a sewer
  2420 | Sewer    | Reached XP level 6. HP: 40/46 MP: 0/0
  2823 | Sewer    | Reached XP level 7. HP: 51/51 MP: 0/0
  2823 | Sewer    | Learned a level 3 spell: Gell's Gravitas
  3165 | D:4      | Reached skill level 5 in Dodging
  3247 | D:4      | Noticed Pikel
  3270 | D:4      | HP: 2/52 [Pikel/+1 whip of electrocution (6)]
  3271 | D:4      | Killed Pikel
  3272 | D:4      | Reached XP level 8. HP: 3/58 MP: 0/0
  3506 | D:4      | Found a runed translucent gate.
  3507 | D:4      | Found a runed translucent gate.
  3509 | D:4      | Found a runed translucent gate.
  3529 | D:4      | Found Dulyq's Antique Armour Shop.
  3545 | D:4      | Found Jerity's Assorted Antiques.
  3578 | D:4      | Reached skill level 5 in Fighting
  3578 | D:4      | Reached skill level 5 in Long Blades
  3794 | D:4      | Found Uneig's Magic Scroll Shop.
  3819 | D:4      | Found Qazumm's Magic Scroll Emporium.
  4101 | D:4      | Noticed Cadnt's ghost (amateur OpFi)
  4119 | D:4      | Bought a shiny helmet for 180 gold pieces
  4130 | D:4      | Reached * piety under Ashenzari
  4181 | D:5      | Entered Level 5 of the Dungeon
  4327 | D:5      | Found the +6 arbalest "Damnation" {damnation}
  4370 | D:5      | Found a staircase to the Ecumenical Temple.
  4647 | D:5      | Reached ** piety under Ashenzari
  4740 | D:5      | Reached XP level 9. HP: 67/67 MP: 0/0
  4740 | D:5      | Learned a level 4 spell: Iskenderun's Mystic Blast
  5338 | D:6      | Reached *** piety under Ashenzari
  6058 | D:6      | Identified the +2 buckler of Ciasm {rCorr Dex+4}
  6589 | D:7      | Reached skill level 1 in Shields
  6956 | D:7      | Found a runed translucent door.
  6960 | D:7      | Noticed gdog's ghost (novice GnDe)
  7017 | D:7      | Found a sacrificial altar of Ru.
  7280 | D:7      | Noticed Menkaure
  7280 | D:7      | You are sucked into a shaft and drop 3 floors!
  7280 | D:10     | Entered Level 10 of the Dungeon
  7298 | D:10     | Reached XP level 10. HP: 65/78 MP: 0/0
  7419 | D:10     | Reached **** piety under Ashenzari
  7444 | D:10     | Found a burning altar of Makhleb.
  7582 | D:10     | Found a stormy altar of Qazlal.
  7893 | D:9      | Found a flagged portal.
  7902 | Bailey   | Entered a bailey
  8261 | Bailey   | Noticed an orc knight
  8465 | Bailey   | Killed an orc knight
  8466 | Bailey   | Reached skill level 5 in Spellcasting
  8466 | Bailey   | Reached skill level 5 in Conjurations
  8466 | Bailey   | Reached skill level 5 in Hexes
  8466 | Bailey   | Reached skill level 5 in Summonings
  8466 | Bailey   | Reached skill level 5 in Necromancy
  8466 | Bailey   | Reached skill level 5 in Translocations
  8466 | Bailey   | Reached skill level 5 in Transmutations
  8466 | Bailey   | Reached skill level 5 in Fire Magic
  8466 | Bailey   | Reached skill level 5 in Ice Magic
  8466 | Bailey   | Reached skill level 5 in Air Magic
  8466 | Bailey   | Reached skill level 5 in Earth Magic
  8466 | Bailey   | Reached skill level 5 in Poison Magic
  8872 | Bailey   | Found a large runed translucent door.
  8872 | Bailey   | Found a large runed translucent door.
  8873 | Bailey   | Noticed a deep elf zephyrmancer
  8908 | Bailey   | Killed a deep elf zephyrmancer
  9245 | D:8      | Found Jiffasuu's Weapon Shop.
  9474 | D:7      | Killed Menkaure
 10045 | D:8      | Found an ornate altar of the Wu Jian Council.
 10053 | D:8      | Reached XP level 11. HP: 84/87 MP: 0/0
 10053 | D:8      | Learned a level 5 spell: Borgnjor's Vile Clutch
 10756 | D:8      | Found a white marble altar of Elyvilon.
 11268 | D:9      | Noticed a two-headed ogre
 11269 | D:9      | Noticed a two-headed ogre
 11273 | D:9      | Noticed a cyclops
 11277 | D:9      | Noticed a two-headed ogre
 11301 | D:9      | HP: 3/89 [yak (12)]
 11605 | D:9      | Killed a two-headed ogre
 11608 | D:9      | Slain by a cyclops

Illustrated notes

Levels and vault maps discovered:
D:1:      amcnicky_arrival_double_pillar, layout_basic, minmay_misc_feat_chi
D:2:      layout_basic, serial_shops, shop, basic_altar
D:3:      minmay_recursive_quarters, layout_basic,
          nicolae_uskayaw_murder_on_the_dancefloor, mainiacjoe_overflow_alcove_2
D:4:      layout_basic, mainiacjoe_sewer_entry_somewhere_in_here_2,
          gammafunk_ghost_necromancy, serial_shops, nicolae_shop_statue_plus,
          nicolae_shop_competitors_out_of_business, nicolae_shop_waterfront,
          nicolae_stop_n_shop_2, nicolae_shop_real_fake_doors, uniq_pikel
D:5:      layout_loops_corners, lemuel_crystal_altar, temple_hall
D:6:      layout_rooms, eino_curves_04
D:7:      cheibrodos_helix_gallery, layout_cave_pods,
          nicolae_ru_sacrificial_ziggurat, hellmonk_ghost_happy_afterlife,
          serial_park_tiny_pond, uniq_menkaure
D:8:      layout_basic, nicolae_wu_jian_immortal_techniques,
          nicolae_elyvilon_temple_path, serial_shops, nicolae_shop_scrapyard,
          nicolae_grassy_gnolls
D:9:      layout_gridville, erik_orc_1, enter_bailey_3, nzn_random_ring
D:10:     layout_stronghold, mainiacjoe_overflow_six_doors_small,
          lemuel_doored_altar, kennysheep_mini, demons_altar, uniq_erolcha

Skill      XL: |  1  2  3  4  5  6  7  8  9 10 11 |
---------------+----------------------------------+-----
Long Blades    | 3 4 5 6 8 9 |  9.1
Throwing       | 2 |  2.0
Dodging        | 4 5 6 7 |  7.3
Fighting       | 3 4 5 6 8 9 |  9.7
Spellcasting   | 1 2 3 4 5 6 |  6.4
Conjurations   | 1 2 3 4 5 6 |  6.4
Hexes          | 1 2 3 4 5 6 |  6.4
Summonings     | 1 2 3 4 5 6 |  6.4
Necromancy     | 1 2 3 4 5 6 |  6.4
Translocations | 1 2 3 4 5 6 |  6.4
Transmutations | 1 2 3 4 5 6 |  6.4
Fire Magic     | 1 2 3 4 5 6 |  6.4
Ice Magic      | 1 2 3 4 5 6 |  6.4
Air Magic      | 1 2 3 4 5 6 |  6.4
Earth Magic    | 1 2 3 4 5 6 |  6.4
Poison Magic   | 1 2 3 4 5 6 |  6.4
Shields        | 2 3 |  3.1

Action                     |  1- 3 |  4- 6 |  7- 9 | 10-12 || total
---------------------------+-------+-------+-------+-------++-------
  Melee: Long sword        |    77 |    40 |       |       ||   117
         Dagger            |       |   156 |   380 |   296 ||   832
         Punch             |       |     2 |     4 |       ||     6
         Short sword       |       |       |    11 |       ||    11
  Throw: Throwing net      |       |       |     2 |     1 ||     3
   Cast: Ensorcelled Hiber |       |       |     9 |     7 ||    16
         Gell's Gravitas   |       |       |     4 |    16 ||    20
         Iskenderun's Myst |       |       |     1 |    25 ||    26
         Borgnjor's Vile C |       |       |       |    23 ||    23
 Invoke: Curse Item        |       |     1 |     4 |     1 ||     6
  Evoke: Wand              |       |       |     3 |    18 ||    21
    Use: Scroll            |       |       |       |     4 ||     4
         Potion            |       |       |       |     4 ||     4
   Stab: Sleeping          |     2 |     1 |     5 |     4 ||    12
         Distracted        |       |       |     1 |     1 ||     2
         Held in net/web   |       |       |       |     1 ||     1
 Armour: Leather armour    |    34 |    74 |    22 |       ||   130
         Robe              |       |       |   145 |   144 ||   289
  Dodge: Dodged            |    78 |   115 |   227 |   182 ||   602
  Block: Buckler           |       |       |    42 |   140 ||   182

Table legend: (Time is in decaauts)
 A = Elapsed time spent in this place.
 B = Non-inter-level travel time spent in this place.
 C = Inter-level travel time spent in this place.
 D = Time resting spent in this place.
 E = Time spent auto-exploring this place.
 F = Levels seen in this place.
 G = Mean time per level.
                   A        B        C        D        E       F      G
               +--------+--------+--------+--------+--------+-----+--------+
         Total |  11496 |  11218 |    278 |   2804 |   5135 |  12 |  958.0 |
       Dungeon |   9718 |   9440 |    278 |   2510 |   4680 |  10 |  971.8 |
         Sewer |    675 |    675 |      0 |     12 |    441 |   1 |  675.0 |
        Bailey |   1101 |   1101 |      0 |    282 |     14 |   1 | 1101.0 |
               +--------+--------+--------+--------+--------+-----+--------+

Top non-repeatable levels by time:
     D:8: 1818 daAuts
     D:5: 1398 daAuts
     D:4: 1245 daAuts
     D:7: 1177 daAuts
  Bailey: 1101 daAuts
     D:6: 957 daAuts
     D:3: 759 daAuts
     D:1: 755 daAuts
     D:2: 743 daAuts
   Sewer: 675 daAuts
     D:9: 452 daAuts
    D:10: 411 daAuts
